 Dungeon Crawl Stone Soup version 0.22-a0-268-g1cc83ef (webtiles) character file.

18848 neds the Grappler (level 12, -34/116 (118) HPs)
             Began as a Troll Monk on Mar 7, 2018.
             Was a Priest of Yredelemnul.
             Killed from afar by a fire dragon (46 damage)
             ... with a blast of flame
             ... on level 1 of the Lair of Beasts on Mar 9, 2018.
             The game lasted 02:24:22 (16524 turns).

neds the Grappler (Troll Monk)                     Turns: 16524, Time: 02:24:22

HP:   -34/116 (118) AC:  7    Str: 23    XL:     12   Next: 31%
MP:   14/14         EV: 13    Int:  6    God:    Yredelemnul [***...]
Gold: 735           SH:  0    Dex: 15    Spells: 11/11 levels left

rFire    . . .     SeeInvis .     - Unarmed
rCold    . . .     Gourm    +   (no shield)
rNeg     . . .     Faith    .   X - +2 robe of Vines {NoPotionHeal Regen+7}
rPois    .         Spirit   .   (helmet restricted)
rElec    .         Reflect  .   (no cloak)
rCorr    .         Harm     .   (gloves unavailable)
MR       +....                  (boots unavailable)
Stlth    ++........             G - amulet of regeneration
HPRegen  3.89/turn              n - ring of protection from magic
MPRegen  0.14/turn              F - +3 ring of slaying

@: about to teleport
A: large, unfitting armour, claws 3, fast metabolism 3, gourmand, regeneration
1, shaggy fur 1, tough skin 2
a: Recall Undead Slaves, Injury Mirror, Animate Dead, Renounce Religion


You were on level 1 of the Lair of Beasts.
You worshipped Yredelemnul.
Yredelemnul was most pleased with you.
You were full.

You visited 3 branches of the dungeon, and saw 15 of its levels.
You also visited: Labyrinth.

You collected 855 gold pieces.
You spent 120 gold pieces at shops.

Inventory:

Hand Weapons
 U - a +10 giant club
Missiles
 u - 5 large rocks (quivered)
 K - a throwing net
Armour
 O - a scarf of spirit shield
 Q - a +1 animal skin
 X - the +2 robe of Vines (worn) {NoPotionHeal Regen+7}
   (You found it on level 10 of the Dungeon)

   It increases your rate of regeneration.
Jewellery
 f - an uncursed ring of resist corrosion
 k - an uncursed amulet of faith
 n - a ring of protection from magic (left claw)
 p - an uncursed ring of stealth
 w - an uncursed ring of wizardry
 z - an uncursed ring of ice
 B - an uncursed amulet of magic regeneration
 F - a +3 ring of slaying (right claw)
 G - an amulet of regeneration (around neck)
 H - an uncursed ring of flight
 M - an uncursed ring of protection from fire
 W - an uncursed ring of magical power
Wands
 E - a wand of digging (15)
 P - a wand of polymorph (10)
 R - a wand of disintegration (21)
 Y - a wand of acid (20)
Scrolls
 c - a scroll of magic mapping
 d - 8 scrolls of identify
 g - a scroll of teleportation
 l - 11 scrolls of remove curse
 m - 4 scrolls of amnesia
 q - a scroll of enchant weapon {unknown}
 r - 2 scrolls of enchant armour
 s - 4 scrolls of fog
 t - 4 scrolls of fear
 y - a scroll of blinking {unknown}
 N - a scroll of acquirement {unknown}
 S - 2 scrolls of immolation {unknown}
 T - a scroll of holy word {unknown}
Potions
 a - a potion of invisibility {unknown}
 e - 2 potions of lignification
 h - 2 potions of haste {unknown}
 i - 2 potions of resistance {unknown}
 j - 4 potions of agility
 o - a potion of heal wounds {unknown}
 v - 4 potions of curing
 x - 4 potions of flight {unknown}
 A - 3 potions of brilliance {unknown}
 C - 2 potions of cancellation {unknown}
 D - a potion of berserk rage {unknown}
 I - 4 potions of magic
 J - 2 potions of might {unknown}
 L - 3 potions of degeneration {unknown}
Miscellaneous
 V - a lightning rod (4/4)
 Z - a phial of floods (inert)
Comestibles
 b - 12 rations


   Skills:
 + Level 7.4 Fighting
 + Level 9.9 Throwing
 - Level 5.0 Armour
 + Level 5.4 Dodging
 - Level 2.0 Stealth
 + Level 11.4 Unarmed Combat
 - Level 4.3 Evocations


You had 11 spell levels left.
You didn't know any spells.

Dungeon Overview and Level Annotations

Branches:
Dungeon (10/15)            Temple (1/1) D:5            Lair (4/6) D:10
 Shoals (0/4) Lair:2        Snake (0/4) Lair:2          Orc (0/2) D:10

Altars:
Ashenzari
Cheibriados
Dithmenos
Elyvilon
Fedhas
Gozag
Hepliaklqana
Kikubaaqudgha
Makhleb
Nemelex Xobeh
Okawaru
Qazlal
Ru
Sif Muna
Trog
Uskayaw
Vehumet
Wu Jian
Xom
Yredelemnul
Zin
The Shining One

Shops:
D:10 *

Annotations:
D:5 2 runed doors


Innate Abilities, Weirdness & Mutations

You are too large for most types of armour.
You have claws for hands.
Your metabolism is lightning-fast.
You like to eat raw meat.
Your natural rate of healing is unusually fast.
You are covered in fur. (AC +1)
You have very tough skin. (AC +2)


Message History

The fire dragon breathes flames at you. The blast of flame hits you!
* * * LOW HITPOINT WARNING * * *
Your yak zombie gores the fire dragon!
The fire dragon bites your yak zombie!!
Your yak zombie is destroyed!
Your yak zombie completely misses the fire dragon.
The fire dragon breathes flames at your yak zombie.
The blast of flame hits your yak zombie.
Your yak zombie is destroyed!
As you read the scroll of magic mapping, it crumbles to dust.
You feel aware of your surroundings.
As you read the scroll of teleportation, it crumbles to dust.
You feel strangely unstable. The fire dragon breathes flames at you.
The blast of flame hits you!
* * * LOW HITPOINT WARNING * * *
The fire dragon breathes flames at you. The blast of flame hits you!
You die...
Your body rises from the dead as a mindless zombie.

##...................
#.......#P..........
###########.........
#########.#P...#
###.Z..####.##....
#...##.##.Z.##....
#.####Z##.#.#.....
#.# #....#..#...# #@#
####......... ##.#
#...##.... #..#
#.#.P#.... #D##
#.#>...... #.#
#.#.###.#. ##.#
###.###.## #..#
#......... ##..##
#......... ##...(##
#.........


You could see a fire dragon.

Vanquished Creatures
  Rupert (Lair:2)
  A two-headed ogre (D:10)
  Urug (D:10)
  Pikel (D:8)
  A black mamba (D:10)
  4 gargoyles (Lab)
  A spiny frog (Lair:2)
  A rime drake (Lair:1)
  2 komodo dragons (D:10)
  4 hippogriffs
  Prince Ribbit (Lair:3)
  4 blink frogs (Lair:3)
  2 redbacks (Lab)
  A spriggan (D:9)
  A wraith (D:10)
  2 wyverns
  2 hungry ghosts
  5 yaks
  A naga (Lair:2)
  6 water moccasins
  4 soldier ants (D:5)
  2 orc warriors
  A porcupine (Lair:1)
  A necrophage (D:8)
  2 slaves (D:8)
  2 sky beasts
  3 black bears
  An eye of draining (D:10)
  A phantom (D:6)
  6 ogres
  An ice beast (D:9)
  4 centaurs
  2 wolves (Lair:1)
  5 crocodiles
  A big kobold (D:7)
  10 bullfrogs
  2 scorpions (D:8)
  5 wights (D:6)
  2 killer bees (D:8)
  An electric eel (Lair:1)
  3 howler monkeys
  4 crimson imps
  A quasit (D:10)
  A centaur zombie (D:10)
  6 jellies
  3 bullfrog skeletons
  5 orc priests
  3 centaur skeletons
  4 iguanas
  2 hounds
  8 orc wizards
  11 worker ants
  A worker ant zombie (D:5)
  9 adders
  4 oozes
  4 worms
  3 dart slugs
  5 leopard geckos
  25 orcs
  7 bats
  7 giant cockroaches
  5 goblins
  2 hobgoblins
  12 jackals
  17 kobolds
  4 frilled lizards
  A leopard gecko zombie (D:6)
  12 rats
  3 fungi
  A plant (Lair:3)
271 creatures vanquished.

Vanquished Creatures (collateral kills)
  A minotaur (Lab)
  Harold (Lair:3)
  A black mamba (D:10)
  2 spiny frogs
  A komodo dragon (Lair:1)
  5 yaks
  A water moccasin (Lair:2)
  A porcupine (Lair:1)
  2 ice beasts
  2 ogres (D:9)
  3 wolves (Lair:1)
  3 crocodiles
  A bullfrog (Lair:1)
  A killer bee (D:8)
  An electric eel (Lair:1)
  A jelly (D:7)
  An orc priest (D:10)
  An orc wizard (D:10)
  A shadow imp (D:7)
  5 orcs
  5 fungi
  5 plants (D:10)
45 creatures vanquished.

Vanquished Creatures (others)
  5 flying skulls
  A wraith (Lair:3)
  2 slaves (D:8)
  A water moccasin zombie (Lair:2)
  2 yak zombies (Lair:1)
  A wight (Lair:3)
  A bullfrog zombie (Lair:1)
  An ogre zombie (D:9)
  An orc (D:8)
  A kobold zombie (D:7)
  An orc zombie (D:7)
  A fungus (Lair:3)
  A plant (D:10)
19 creatures vanquished.

Grand Total: 335 creatures vanquished

Notes
Turn   | Place    | Note
-------+----------+-------------------------------------------
     0 | D:1      | neds the Troll Monk began the quest for the Orb.
     0 | D:1      | Reached XP level 1. HP: 22/22 MP: 0/0
     1 | D:1      | Found a runed door.
    78 | D:1      | Reached XP level 2. HP: 23/29 MP: 1/1
   844 | D:2      | Reached XP level 3. HP: 36/36 MP: 2/2
  1434 | D:2      | Reached XP level 4. HP: 45/45 MP: 3/3
  1898 | D:3      | Reached skill level 4 in Unarmed Combat
  1996 | D:3      | Reached XP level 5. HP: 46/53 MP: 4/4
  2093 | D:3      | Reached skill level 1 in Throwing
  2182 | D:3      | Found an opulent altar of Gozag.
  2755 | D:4      | Noticed an ogre
  2761 | D:4      | Killed an ogre
  2761 | D:4      | Reached XP level 6. HP: 62/62 MP: 5/5
  3080 | D:4      | Found a sparkling altar of Nemelex Xobeh.
  3764 | D:5      | Entered Level 5 of the Dungeon
  3847 | D:5      | Reached skill level 5 in Unarmed Combat
  3935 | D:5      | Reached XP level 7. HP: 56/70 MP: 6/6
  4026 | D:5      | Found the +9 staff of Olgreb {rPois}
  4033 | D:5      | Found a runed door.
  4139 | D:5      | Found a runed gate.
  4140 | D:5      | Found a runed door.
  4152 | D:5      | Found a runed gate.
  4152 | D:5      | Found a runed gate.
  4340 | D:5      | Found a staircase to the Ecumenical Temple.
  4351 | Temple   | Entered the Ecumenical Temple
  4458 | Temple   | Became a worshipper of Yredelemnul the Dark
  4458 | Temple   | Reached * piety under Yredelemnul
  4458 | Temple   | Reached ** piety under Yredelemnul
  5116 | D:6      | Reached skill level 6 in Unarmed Combat
  5119 | D:6      | Reached skill level 5 in Fighting
  5119 | D:6      | Reached XP level 8. HP: 44/80 MP: 7/7
  5682 | D:6      | Reached skill level 1 in Armour
  5692 | D:6      | Got a bloodstained falchion
  5941 | D:6      | Found a blossoming altar of Fedhas.
  6503 | D:5      | Reached skill level 5 in Throwing
  6503 | D:5      | Reached skill level 7 in Unarmed Combat
  6607 | D:5      | Reached XP level 9. HP: 80/89 MP: 8/8
  6808 | D:6      | Upgraded the game from 0.22-a0-265-g0d8bc90 to 0.22-a0-266-g5fdf0d7
  6977 | D:7      | Got a crude leather armour
  7462 | D:7      | Reached skill level 8 in Unarmed Combat
  7706 | D:7      | Reached *** piety under Yredelemnul
  7865 | D:8      | Noticed Pikel
  7877 | D:8      | Killed Pikel
  7877 | D:8      | Reached XP level 10. HP: 67/100 MP: 5/9
  9845 | D:9      | Reached skill level 5 in Armour
 10007 | D:9      | Reached skill level 9 in Unarmed Combat
 10722 | D:10     | Entered Level 10 of the Dungeon
 10722 | D:10     | Found Lyutik's Assorted Antiques.
 10722 | D:10     | Noticed a two-headed ogre
 10725 | D:10     | Killed a two-headed ogre
 10741 | D:10     | Bought a scroll of identify for 60 gold pieces
 10741 | D:10     | Bought a scroll of identify for 60 gold pieces
 10793 | D:10     | Found the +2 robe of Vines {NoPotionHeal Regen+7}
 10826 | D:10     | Found an iron altar of Okawaru.
 10930 | D:10     | Noticed Urug
 10952 | D:10     | Killed Urug
 11014 | D:10     | Reached **** piety under Yredelemnul
 11089 | D:10     | Reached XP level 11. HP: 59/107 MP: 10/10
 11150 | D:10     | Found a staircase to the Lair.
 11162 | D:10     | Reached skill level 5 in Dodging
 11205 | D:10     | Received a gift from Yredelemnul (5 flying skulls)
 11332 | D:10     | Found a staircase to the Orcish Mines.
 11776 | Lair:1   | Entered Level 1 of the Lair of Beasts
 11836 | Lair:1   | Reached skill level 1 in Evocations
 11892 | Lair:1   | Reached skill level 10 in Unarmed Combat
 12091 | Lair:1   | Noticed a fire dragon
 12251 | Lair:1   | Received a gift from Yredelemnul (a wight)
 12963 | Lair:2   | Received a gift from Yredelemnul (a wraith)
 13056 | Lair:2   | Found a staircase to the Snake Pit.
 13098 | Lair:2   | Found a staircase to the Shoals.
 13436 | Lair:3   | Noticed Rupert
 13468 | Lair:2   | Killed Rupert
 13504 | Lair:3   | Noticed Harold
 13530 | Lair:2   | Upgraded the game from 0.22-a0-266-g5fdf0d7 to 0.22-a0-268-g1cc83ef
 13662 | Lair:3   | Reached skill level 11 in Unarmed Combat
 13723 | Lair:3   | Found a labyrinth entrance.
 13732 | Lab      | Entered a labyrinth
 14110 | Lab      | Reached XP level 12. HP: 116/116 MP: 13/13
 15333 | Lab      | Noticed a minotaur
 15555 | Lab      | Killed a minotaur
 15750 | Lair:3   | Noticed Prince Ribbit
 15892 | Lair:3   | Killed Prince Ribbit
 16093 | Lair:3   | Killed Harold
 16522 | Lair:1   | HP: 4/116 [fire dragon/blast of flame (27)]
 16524 | Lair:1   | Killed from afar by a fire dragon

Vault maps used:
D:1:      dpeg_arrival_caged_fury
D:2:      palyth_stone_intersect, serial_bayou_crossing
D:3:      nicolae_gozag_cash_rules_everything_around_me
D:4:      first_ration, nemelex_dance_club_becter
D:5:      minmay_temple_entry_fiery, minmay_guarded_unrand_staff_of_olgreb
D:6:      nicolae_overflow_hidden_temple
D:8:      uniq_pikel
D:9:      grunt_pizzeria
D:10:     david_lair_shrubbed, david_orc_3, serial_shops, shop, basic_altar,
          uniq_urug
Temple:   kilobyte_greek_temple
Lair:1:   dragon1_lemuel, beast_lair_carwin_7
Lair:2:   elwin_shoals_entry_rocks, guppyfry_snake_entry_island
Lair:3:   lab_entry_generic, uniq_prince_ribbit2, uniq_harold, uniq_rupert
Lair:4:   serial_bayou_shore_a
Lab:      nicolae_lab_dead_adventurers, nicolae_lab_very_dead_end,
          nicolae_lab_swirl, nicolae_lab_blocks, nicolae_lab_do_over

Skill      XL: |  1  2  3  4  5  6  7  8  9 10 11 12 |
---------------+-------------------------------------+-----
Fighting       | 3 4 5 6 7 |  7.4
Dodging        | 3 4 5 |  5.4
Unarmed Combat | 4 5 6 7 8 9 11 | 11.4
Throwing       | 1 2 3 5 6 7 9 |  9.9
Armour         | 2 4 5 |  5.0
Stealth        | 2 |  2.0
Evocations     | 3 4 |  4.3

Action                   |  1- 3 |  4- 6 |  7- 9 | 10-12 || total
-------------------------+-------+-------+-------+-------++-------
Melee: Unarmed           |    96 |   187 |   280 |   364 ||   927
       Punch             |     2 |     1 |    15 |    22 ||    40
Throw: Large rock        |       |     1 |     9 |    26 ||    36
Invok: Animate Remains   |       |       |     2 |       ||     2
       Animate Dead      |       |       |     1 |    18 ||    19
       Recall Undead Sla |       |       |     1 |     1 ||     2
Evoke: Phial of floods   |       |       |       |     1 ||     1
  Use: Scroll            |       |     3 |       |    14 ||    17
       Potion            |       |       |       |     1 ||     1
 Stab: Sleeping          |     3 |     5 |     1 |     1 ||    10
       Distracted        |       |     1 |       |     5 ||     6
  Eat: Chunk             |    15 |    23 |    34 |    64 ||   136
       Ration            |     1 |       |     2 |     6 ||     9
Armor: Robe              |    33 |    36 |    47 |    35 ||   151
       Animal skin       |       |       |       |    25 ||    25
Dodge: Dodged            |    44 |    93 |   125 |   176 ||   438

Table legend:
 A = Spawn XP
 B = Non-spawn XP
 C = Spawn XP percentage of total XP
 D = Spawn monster count
 E = Non-spawn monster count
 F = Spawn count percentage of total count
 G = Total turns spent on level
                    A         B        C        D         E        F      G
               +---------+---------+-------+---------+---------+-------+---------
         Total |       0 |   26926 |   0.0 |       0 |     300 |   0.0 | 16524
               +---------+---------+-------+---------+---------+-------+---------
           D:1 |       0 |      73 |   0.0 |       0 |      31 |   0.0 |   846
           D:2 |       0 |      77 |   0.0 |       0 |      23 |   0.0 |  1075
           D:3 |       0 |     183 |   0.0 |       0 |      24 |   0.0 |   761
           D:4 |       0 |     449 |   0.0 |       0 |      17 |   0.0 |  1352
           D:5 |       0 |    1340 |   0.0 |       0 |      21 |   0.0 |  1497
           D:6 |       0 |    1282 |   0.0 |       0 |      22 |   0.0 |  1201
           D:7 |       0 |    1882 |   0.0 |       0 |      28 |   0.0 |  1279
           D:8 |       0 |    1882 |   0.0 |       0 |      31 |   0.0 |  1606
           D:9 |       0 |    1490 |   0.0 |       0 |      16 |   0.0 |   959
          D:10 |       0 |    5229 |   0.0 |       0 |      31 |   0.0 |  1122
        Lair:1 |       0 |    3428 |   0.0 |       0 |      28 |   0.0 |   987
        Lair:2 |       0 |    3430 |   0.0 |       0 |       7 |   0.0 |   822
        Lair:3 |       0 |    3083 |   0.0 |       0 |      12 |   0.0 |   821
        Lair:4 |       0 |     244 |   0.0 |       0 |       2 |   0.0 |    96
           Lab |       0 |    2854 |   0.0 |       0 |       7 |   0.0 |  1954
               +---------+---------+-------+---------+---------+-------+---------
